SKY
VANCOUVER CASCADES @ PHILADELPHIA PHILLIES
07/05/2052
 
TOP OF THE 1ST
Vancouver Cascades batting - Pitching for Philadelphia Phillies : RHP Jake Prendergast
Pitching: RHP Jake Prendergast
Batting: LHB Tony Patino 0-0: Called Strike
0-1: Ball
1-1: Ball
2-1: Foul Ball, location: 5DF
2-2: Ball
3-2: Strikes out swinging
Batting: RHB Adam Young 0-0: Ball
1-0: Ground out 1-3 (Groundball, P, EV 76.3 MPH)
Batting: LHB Lawrence Carla 0-0: Ball
1-0: Foul Ball, location: 7LDF
1-1: Ball
2-1: Ball
3-1: Swinging Strike
3-2: Strikes out swinging
Top of the 1st over - 0 runs, 0 hits, 0 errors, 0 left on base; Vancouver 0 - Philadelphia 0
BOTTOM OF THE 1ST
Philadelphia Phillies batting - Pitching for Vancouver Cascades : LHP Ean Holby
Pitching: LHP Ean Holby
Batting: RHB Kyle Negulescu 0-0: Ground out 6-3 (Groundball, 6MD, EV 100.0 MPH)
Batting: RHB Justin Morgan 0-0: Ground out U3 (Groundball, 34, EV 98.8 MPH)
Batting: RHB Marty Booz 0-0: Foul Ball, location: 5DF
0-1: Swinging Strike
0-2: Ball
1-2: Strikes out swinging
Bottom of the 1st over - 0 runs, 0 hits, 0 errors, 0 left on base; Vancouver 0 - Philadelphia 0
TOP OF THE 2ND
Vancouver Cascades batting - Pitching for Philadelphia Phillies : RHP Jake Prendergast
Batting: LHB Tony Wichmann 0-0: Ball
1-0: Called Strike
1-1: Ground out 4-3 (Groundball, 4D, EV 98.8 MPH)
Batting: RHB Echo Warren 0-0: Ball
1-0: Ball
2-0: Ball
3-0: Base on Balls
Batting: SHB Beau Koss 0-0: Ball
1-0: Ball
2-0: Ball
3-0: Base on Balls
Echo Warren to second
Batting: RHB Jessie Cochran 0-0: Ball
1-0: Called Strike
1-1: Fly out, F9 (Flyball, 9, EV 95.6 MPH)
Batting: LHB Rey Esparza 0-0: Ball
1-0: Fielders Choice at 2nd, 6-4 (Groundball, 6, EV 84.4 MPH)
Top of the 2nd over - 0 runs, 0 hits, 0 errors, 2 left on base; Vancouver 0 - Philadelphia 0
BOTTOM OF THE 2ND
Philadelphia Phillies batting - Pitching for Vancouver Cascades : LHP Ean Holby
Batting: RHB Marc Simms 0-0: Ground out 5-3 (Groundball, 5, EV 88.1 MPH)
Batting: RHB Josiah Mandel 0-0: Called Strike
0-1: Ball
1-1: Ground out 3-1 (Groundball, 34, EV 84.4 MPH)
Batting: SHB Elías Saucedo 0-0: Called Strike
0-1: Ball
1-1: Foul Ball, location: 2F
1-2: Foul Ball, location: 7LDF
1-2: Foul Ball, location: 9LSF
1-2: Ball
2-2: Ball
3-2: Foul Ball, location: 5FF
3-2: Base on Balls
Batting: RHB Gilbert Lee 0-0: Ball
1-0: Ball
Elías Saucedo steals 2nd base
2-0: Called Strike
2-1: Foul Ball, location: 2F
2-2: Foul Ball, location: 2F
2-2: Ball
3-2: Strikes out looking
Bottom of the 2nd over - 0 runs, 0 hits, 0 errors, 1 left on base; Vancouver 0 - Philadelphia 0
TOP OF THE 3RD
Vancouver Cascades batting - Pitching for Philadelphia Phillies : RHP Jake Prendergast
Batting: SHB Asher Wurtz 0-0: Ball
1-0: Ball
2-0: Fly out, F2 (Popup, 23F, EV 85.6 MPH)
Batting: LHB Tony Patino 0-0: Ball
1-0: Ball
2-0: Called Strike
2-1: Foul Ball, location: 5FF
2-2: Foul Ball, location: 5SF
2-2: Ground out 4-3 (Groundball, 4, EV 87.5 MPH)
Batting: RHB Adam Young 0-0: Ball
1-0: Ground out 1-3 (Groundball, 13, EV 65.6 MPH)
Top of the 3rd over - 0 runs, 0 hits, 0 errors, 0 left on base; Vancouver 0 - Philadelphia 0
BOTTOM OF THE 3RD
Philadelphia Phillies batting - Pitching for Vancouver Cascades : LHP Ean Holby
Batting: LHB George Copa 0-0: Ball
1-0: Swinging Strike
1-1: Ball
2-1: Called Strike
2-2: Strikes out swinging
Batting: RHB Ariel Fernández 0-0: Called Strike
0-1: Ball
1-1: Ball
2-1: Ball
3-1: Ground out 6-3 (Groundball, 6MS, EV 90.6 MPH)
Batting: RHB Kyle Negulescu 0-0: Called Strike
0-1: Foul Ball, location: 2F
0-2: Ground out 5-3 (Groundball, 5L, EV 76.9 MPH)
Bottom of the 3rd over - 0 runs, 0 hits, 0 errors, 0 left on base; Vancouver 0 - Philadelphia 0
TOP OF THE 4TH
Vancouver Cascades batting - Pitching for Philadelphia Phillies : RHP Jake Prendergast
Batting: LHB Lawrence Carla 0-0: Ball
1-0: Called Strike
1-1: Called Strike
1-2: Foul Ball, location: 25F
1-2: Fly out, F8 (Flyball, 8RD, EV 89.4 MPH)
Batting: LHB Tony Wichmann 0-0: Foul Ball, location: 7LDF
0-1: Ground out 1-3 (Groundball, 13, EV 71.3 MPH)
Batting: RHB Echo Warren 0-0: Ball
1-0: Foul Ball, location: 9LSF
1-1: Foul Ball, location: 2F
1-2: SINGLE (Line Drive, 34D, EV 103.8 MPH)
Batting: SHB Beau Koss 0-0: Ball
1-0: Ball
2-0: Ball
3-0: Called Strike
3-1: Fielders Choice at 2nd, 6-4 (Groundball, 56D, EV 78.8 MPH)
Top of the 4th over - 0 runs, 1 hit, 0 errors, 1 left on base; Vancouver 0 - Philadelphia 0
BOTTOM OF THE 4TH
Philadelphia Phillies batting - Pitching for Vancouver Cascades : LHP Ean Holby
Batting: RHB Justin Morgan 0-0: Called Strike
0-1: Ball
1-1: Foul Ball, location: 2F
1-2: Ground out 2-3 (Groundball, 15S, EV 71.3 MPH)
Batting: RHB Marty Booz 0-0: Ball
1-0: Ball
2-0: Ball
3-0: Called Strike
3-1: DOUBLE (Flyball, 8RXD, EV 109.4 MPH)
Batting: RHB Marc Simms 0-0: Ground out 5-3 (Groundball, 56S, EV 83.8 MPH)
Marty Booz to third
Batting: RHB Josiah Mandel 0-0: Ball
1-0: Called Strike
1-1: SINGLE (Flyball, 6D, EV 87.5 MPH)
Marty Booz scores
Batting: SHB Elías Saucedo 0-0: Swinging Strike
0-1: Foul Ball, location: 2F
0-2: Ball
1-2: Foul Ball, location: 2F
1-2: Foul Ball, location: 3DF
1-2: Strikes out looking
Bottom of the 4th over - 1 run, 2 hits, 0 errors, 1 left on base; Vancouver 0 - Philadelphia 1
TOP OF THE 5TH
Vancouver Cascades batting - Pitching for Philadelphia Phillies : RHP Jake Prendergast
Batting: RHB Jessie Cochran 0-0: Called Strike
0-1: Swinging Strike
0-2: Ball
1-2: Ball
2-2: Ball
3-2: Fly out, F7 (Line Drive, 78D, EV 93.1 MPH)
Batting: LHB Rey Esparza 0-0: Ball
1-0: SINGLE (Line Drive, 56, EV 108.1 MPH)
Batting: SHB Asher Wurtz 0-0: Foul Ball, location: 9LMF
0-1: Ball
1-1: Ball
2-1: Called Strike
2-2: Foul Ball, location: 9LMF
2-2: Ball
3-2: Strikes out swinging
Rey Esparza is caught stealing 2nd base 2-6
Batter strikes out.
Top of the 5th over - 0 runs, 1 hit, 0 errors, 0 left on base; Vancouver 0 - Philadelphia 1
BOTTOM OF THE 5TH
Philadelphia Phillies batting - Pitching for Vancouver Cascades : LHP Ean Holby
Batting: RHB Gilbert Lee 0-0: Called Strike
0-1: Ball
1-1: Swinging Strike
1-2: Ball
2-2: Ball
3-2: Foul Ball, location: 3FF
3-2: Strikes out swinging
Batting: LHB George Copa 0-0: Called Strike
0-1: Ball
1-1: Foul Ball, location: 2F
1-2: Ball
2-2: Foul Ball, location: 2F
2-2: Fly out, F1 (Line Drive, P, EV 72.5 MPH)
Batting: RHB Ariel Fernández 0-0: Swinging Strike
0-1: Ball
1-1: Foul Ball, location: 2F
1-2: Strikes out swinging
Bottom of the 5th over - 0 runs, 0 hits, 0 errors, 0 left on base; Vancouver 0 - Philadelphia 1
TOP OF THE 6TH
Vancouver Cascades batting - Pitching for Philadelphia Phillies : RHP Jake Prendergast
Batting: LHB Tony Patino 0-0: SOLO HOME RUN (Line Drive, 78XD, EV 104.4 MPH), Distance : 421 ft
Batting: RHB Adam Young 0-0: Fly out, F9 (Line Drive, 9LS, EV 97.5 MPH)
Batting: LHB Lawrence Carla 0-0: Foul Ball, location: 23FF
0-1: Ball
1-1: Foul Ball, location: 2F
1-2: Ground out 5-3 (Groundball, 5, EV 100.6 MPH)
Batting: LHB Tony Wichmann 0-0: Ground out 6-3 (Groundball, 56D, EV 103.8 MPH)
Top of the 6th over - 1 run, 1 hit, 0 errors, 0 left on base; Vancouver 1 - Philadelphia 1
BOTTOM OF THE 6TH
Philadelphia Phillies batting - Pitching for Vancouver Cascades : LHP Ean Holby
Batting: RHB Kyle Negulescu 0-0: Ball
1-0: Ball
2-0: Foul Ball, location: 2F
2-1: Foul Ball, location: 2F
2-2: Foul Ball, location: 9LMF
2-2: Ground out 6-3 (Groundball, 6M, EV 77.5 MPH)
Batting: RHB Justin Morgan 0-0: Foul Ball, location: 2RF
0-1: Ball
1-1: Called Strike
1-2: Ball
2-2: Strikes out swinging
Batting: RHB Marty Booz 0-0: Fly out, F9 (Flyball, 9, EV 95.6 MPH)
Bottom of the 6th over - 0 runs, 0 hits, 0 errors, 0 left on base; Vancouver 1 - Philadelphia 1
TOP OF THE 7TH
Vancouver Cascades batting - Pitching for Philadelphia Phillies : RHP Jake Prendergast
Pitching: RHP Alonzo Panico
Batting: RHB Echo Warren 0-0: Called Strike
0-1: Fly out, F8 (Flyball, 8LD, EV 100.0 MPH)
Batting: SHB Beau Koss 0-0: Called Strike
0-1: Ball
1-1: Ball
2-1: Foul Ball, location: 2F
2-2: Ball
3-2: Fly out, F9 (Flyball, 89D, EV 97.5 MPH)
Batting: RHB Jessie Cochran 0-0: Ball
1-0: Foul Ball, location: 25F
1-1: Ball
2-1: Foul Ball, location: 5SF
2-2: SINGLE (Groundball, 56D, EV 95.0 MPH)
Batting: LHB Rey Esparza 0-0: Called Strike
0-1: Foul Ball, location: 9LSF
0-2: DOUBLE (Line Drive, 89D, EV 103.1 MPH)
Jessie Cochran to third
Runner from 3rd tries for Home, SAFE, throw by RF to home
Batting: SHB Asher Wurtz 0-0: Foul Ball, location: 2F
0-1: Ball
1-1: SINGLE (Flyball, 34D, EV 86.3 MPH)
Rey Esparza to third
Runner from 3rd tries for Home, SAFE, throw by RF to home
Asher Wurtz to second
Batting: LHB Tony Patino 0-0: Foul Ball, location: 25F
0-1: SINGLE (Line Drive, 8LS, EV 105.6 MPH)
Asher Wurtz to third
Runner from 3rd tries for Home, SAFE, throw by CF to home
Batting: RHB Adam Young 0-0: Called Strike
0-1: Ground out 1-3 (Groundball, 13S, EV 70.6 MPH)
Top of the 7th over - 3 runs, 4 hits, 0 errors, 1 left on base; Vancouver 4 - Philadelphia 1
BOTTOM OF THE 7TH
Philadelphia Phillies batting - Pitching for Vancouver Cascades : LHP Ean Holby
Batting: RHB Marc Simms 0-0: Called Strike
0-1: Called Strike
0-2: Ball
1-2: Ball
2-2: SINGLE (Flyball, 8RM, EV 73.8 MPH)
Batting: RHB Josiah Mandel 0-0: Called Strike
0-1: Foul Ball, location: 3F
0-2: Foul Ball, location: 9LDF
0-2: Strikes out looking
Batting: SHB Elías Saucedo 0-0: Called Strike
0-1: Ball
1-1: Called Strike
1-2: Foul Ball, location: 2LF
1-2: Foul Ball, location: 2F
1-2: Fly out, F4 (Popup, 4S, EV 73.8 MPH)
Batting: RHB Gilbert Lee 0-0: Ball
Wild Pitch!
Marc Simms to second
1-0: Ball
2-0: Called Strike
2-1: Swinging Strike
2-2: Ground out 6-3 (Groundball, 56D, EV 103.1 MPH)
Bottom of the 7th over - 0 runs, 1 hit, 0 errors, 1 left on base; Vancouver 4 - Philadelphia 1
TOP OF THE 8TH
Vancouver Cascades batting - Pitching for Philadelphia Phillies : RHP Alonzo Panico
Batting: LHB Lawrence Carla 0-0: Swinging Strike
0-1: Swinging Strike
0-2: Ball
1-2: Ball
2-2: Strikes out swinging
Batting: LHB Tony Wichmann 0-0: Foul Ball, location: 2F
0-1: Ball
1-1: Ground out 4-3 (Groundball, 4, EV 88.1 MPH)
Batting: RHB Echo Warren 0-0: Foul Ball, location: 2F
0-1: Ball
1-1: Ball
2-1: Fly out, F7 (Flyball, 78S, EV 81.9 MPH)
Top of the 8th over - 0 runs, 0 hits, 0 errors, 0 left on base; Vancouver 4 - Philadelphia 1
BOTTOM OF THE 8TH
Philadelphia Phillies batting - Pitching for Vancouver Cascades : LHP Ean Holby
Pitching: RHP Hayden Nelson
Batting: LHB George Copa 0-0: Ground out 4-3 (Groundball, 34, EV 101.3 MPH)
Batting: RHB Ariel Fernández 0-0: SINGLE (Groundball, 4D, EV 101.9 MPH)
Batting: RHB Kyle Negulescu 0-0: Foul Ball, location: 3F
0-1: Foul Ball, location: 23F
0-2: Ball
1-2: Fielders Choice at 2nd, 4-6 (Groundball, 4, EV 81.9 MPH)
Batting: LHB Monte Baker 0-0: Called Strike
0-1: Foul Ball, location: 2LF, Error on foul ball, E2
0-2: Ball
1-2: Fly out, F8 (Flyball, 89D, EV 97.5 MPH)
Bottom of the 8th over - 0 runs, 1 hit, 1 error, 1 left on base; Vancouver 4 - Philadelphia 1
TOP OF THE 9TH
Vancouver Cascades batting - Pitching for Philadelphia Phillies : RHP Alonzo Panico
Pitching: RHP Ben Williams
Batting: SHB Beau Koss 0-0: Fly out, F8 (Flyball, 8RS, EV 76.3 MPH)
Batting: RHB Jessie Cochran 0-0: Ball
1-0: Foul Ball, location: 23F
1-1: Ball
2-1: Foul Ball, location: 2F
2-2: Ground out 1-3 (Groundball, 13S, EV 63.8 MPH)
Batting: LHB Rey Esparza 0-0: Swinging Strike
0-1: Ball
1-1: Ball
2-1: Swinging Strike
2-2: Ball
3-2: Foul Ball, location: 2LF
3-2: Fly out, F2 (Popup, 25F, EV 91.9 MPH)
Top of the 9th over - 0 runs, 0 hits, 0 errors, 0 left on base; Vancouver 4 - Philadelphia 1
BOTTOM OF THE 9TH
Philadelphia Phillies batting - Pitching for Vancouver Cascades : RHP Hayden Nelson
Batting: RHB Marty Booz 0-0: Called Strike
0-1: Foul Ball, location: 23FF
0-2: Strikes out looking
Batting: RHB Marc Simms 0-0: Called Strike
0-1: Called Strike
0-2: Ball
1-2: Foul Ball, location: 9LDF
1-2: Strikes out swinging
Batting: RHB Josiah Mandel 0-0: Ball
1-0: Foul Ball, location: 23F
1-1: Ball
2-1: SINGLE (Groundball, 3D, EV 100.6 MPH)
Batting: SHB Elías Saucedo 0-0: Ball
1-0: Called Strike
1-1: Foul Ball, location: 2F
1-2: Foul Ball, location: 7LSF
1-2: Foul Ball, location: 7LSF
1-2: SINGLE (Groundball, 34D, EV 94.4 MPH)
Josiah Mandel to second
Batting: RHB Gilbert Lee 0-0: Ball
1-0: Called Strike
1-1: Ball
2-1: Swinging Strike
2-2: Foul Ball, location: 2F
2-2: Ball
3-2: Foul Ball, location: 2F
3-2: Strikes out looking
Bottom of the 9th over - 0 runs, 2 hits, 0 errors, 2 left on base; Vancouver 4 - Philadelphia 1
Saturday, April 27th , 2024 - OOTP Baseball 24.11 Build 85